 Dungeon Crawl Stone Soup version 0.25-a0-707-g603da076d2 (webtiles) character file.

Game seed: 7141902682780732278, levelgen mode: classic

74 EnegeticOcto the Covered (level 4, -1/42 HPs)
             Began as a Deep Dwarf Fighter on Apr 4, 2020.
             Slain by a white imp (2 damage)
             ... summoned by Eustachio
             ... on level 4 of the Dungeon.
             The game lasted 00:00:32 (622 turns).

EnegeticOcto the Covered (Deep Dwarf Fighter)        Turns: 622, Time: 00:00:32

Health: -1/42      AC:  7    Str: 21      XL:     4   Next: 9%
Magic:  4/4        EV:  7    Int:  8      God:
Gold:   66         SH:  9    Dex:  8 (12) Spells: 3/3 levels left

rFire    . . .     SeeInvis .   a - +0 war axe
rCold    . . .     Gourm    .   c - +0 kite shield
rNeg     . . .     Faith    .   b - +0 scale mail
rPois    .         Spirit   .   (no helmet)
rElec    .         Reflect  .   (no cloak)
rCorr    .         Harm     .   (no gloves)
MR       .....                  (no boots)
Stlth    ..........             (no amulet)
HPRegen  0.00/turn              (no ring)
MPRegen  0.09/turn              (no ring)

@: non-regenerating
A: damage resistance, heal wounds, sense surroundings 1, no regeneration
a: Heal Wounds


You were on level 4 of the Dungeon.
You were not hungry.

You visited 1 branch of the dungeon, and saw 4 of its levels.

You collected 66 gold pieces.

Inventory:

Hand Weapons
 a - a +0 war axe (weapon)
Armour
 b - a +0 scale mail (worn)
 c - a +0 kite shield (worn)
Scrolls
 f - 2 scrolls of teleportation {unknown}
 h - a scroll of identify {unknown}
Potions
 g - 3 potions of curing {unknown}
 k - 2 potions of might {@q3}
Comestibles
 d - 2 chunks of flesh
 e - 4 rations


   Skills:
 * Level 3.4 Fighting
 * Level 3.2 Axes
 + Level 3.7 Armour
 + Level 3.7 Shields


You had 3 spell levels left.
You didn't know any spells.
Your spell library was empty.

Dungeon Overview and Level Annotations

Branches:
Dungeon (4/15)
 Temple: D:4-7

Altars:

Annotations:
D:4 Eustachio


Innate Abilities, Weirdness & Mutations

You are resistant to damage.
You can heal yourself by infusing magical energy.
You passively map a small area around you.
You do not regenerate.


Message History

Eustachio blinks!
You miss the quasit.
The quasit is lightly wounded.
The quasit barely misses you. x2
The quasit claws you but does no damage.
The white imp picks up a beetle and eats it.
The quasit barely misses you.
The quasit claws you but does no damage.
You block the quasit's attack. You block the bat's attack.
You closely miss the quasit.
The quasit is lightly wounded.
You hit the bat but do no damage. You block the bat's attack.
The quasit bites you but does no damage.
You block the quasit's attack.
The quasit claws you but does no damage.
The bat hits you but does no damage.
The quasit bites you but does no damage.
The quasit claws you but does no damage. x2
You miss the quasit.
The quasit is lightly wounded.
You closely miss the bat. You block the bat's attack.
The quasit bites you but does no damage.
The quasit claws you but does no damage.
You block the quasit's attack.
Eustachio mumbles some strange words.
The quasit bites you but does no damage.
You block the quasit's attack. The quasit barely misses you.
The white imp hits you but does no damage.
You miss the quasit.
The quasit is lightly wounded.
You barely miss the shadow imp.
Your shield prevents you from hitting the white imp.
The bat hits you but does no damage. The quasit bites you.
The quasit claws you but does no damage. x2
The white imp closely misses you. The shadow imp hits you.
You block the quasit's attack. The quasit claws you.
The quasit claws you but does no damage.
Eustachio mumbles some strange words.
Eustachio blinks!
You slash the quasit!
The quasit is almost dead.
You hit the shadow imp. You hit the white imp but do no damage.
You closely miss the river rat. You block the bat's attack.
The river rat bites you but does no damage.
The quasit closely misses you. The quasit barely misses you. x2
The white imp hits you but does no damage.
You block the bat's attack. The shadow imp gestures at you.
Pain shoots through your body! The river rat bites you.
You are too injured to fight recklessly!
You are too injured to fight recklessly!
You are too injured to fight recklessly!
You are too injured to fight recklessly!
You are too injured to fight recklessly!
You are too injured to fight recklessly!
You are too injured to fight recklessly!
You are too injured to fight recklessly!
You are too injured to fight recklessly!
You are too injured to fight recklessly!
You are too injured to fight recklessly!
You are too injured to fight recklessly!
You are too injured to fight recklessly!
You are too injured to fight recklessly!
You are too injured to fight recklessly!
You are too injured to fight recklessly!
You are too injured to fight recklessly!
You fail to use your ability.
The bat hits you but does no damage.
The quasit bites you but does no damage.
The quasit closely misses you.
The quasit claws you but does no damage.
The white imp hits you.
* * * LOW HITPOINT WARNING * * *
The white imp freezes you.
* * * LOW HITPOINT WARNING * * *
The shadow imp hits you but does no damage.
The river rat bites you!
* * * LOW HITPOINT WARNING * * *
You block the river rat's attack. You block the quasit's attack.
The quasit barely misses you.
The quasit claws you but does no damage.
You fail to use your ability.
You block the bat's attack. The white imp barely misses you.
The shadow imp barely misses you.
The river rat bites you but does no damage.
The quasit barely misses you.
The quasit claws you but does no damage.
You block the quasit's attack. The river rat bites you.
* * * LOW HITPOINT WARNING * * *
You closely miss Eustachio.
Eustachio is almost dead.
Your shield and scale mail prevent you from hitting the river rat.
You closely miss the river rat. You hit the white imp but do no damage.
You closely miss the shadow imp. You hit the quasit but do no damage.
You block the bat's attack. The bat closely misses you.
The quasit bites you but does no damage.
You block the quasit's attack.
The quasit claws you but does no damage.
The white imp hits you.
* * * LOW HITPOINT WARNING * * *
The white imp freezes you.
You die...

#.......########
#######.##.....#
#.............##
#.#####.####..# *
#.# #.####..# #.#
#.......# * #.#
######'## #.#
##.55## , #.#####
##.r@b.## *
#.....###..r@5..##
##...#.##..r......#
*
#.................+,
, ,
##...#..#.........#
* ,
##.##..#........## *
* #.##..#.#.....##
#.#...#.##...## *
#.#.#.#.###+##


You could see Eustachio, a quasit, 2 river rats, a white imp, a shadow imp, a
bat and a rat.

Vanquished Creatures
  Natasha (D:4)
  2 adders (D:4)
  2 oozes
  2 leopard geckos
  A bat (D:2)
  A giant cockroach (D:3)
  3 goblins (D:3)
  3 hobgoblins
  A quokka (D:3)
  A ball python (D:1)
  3 kobolds (D:3)
  A rat (D:3)
21 creatures vanquished.

Notes
Turn   | Place    | Note
-------+----------+-------------------------------------------
     0 | D:1      | EnegeticOcto the Deep Dwarf Fighter began the quest for the
                  | Orb.
     0 | D:1      | Reached XP level 1. HP: 20/20 MP: 1/1
   130 | D:2      | Reached XP level 2. HP: 27/27 MP: 2/2
   353 | D:3      | Reached XP level 3. HP: 21/34 MP: 3/3
   537 | D:4      | Noticed Natasha
   550 | D:4      | Killed Natasha
   550 | D:4      | Reached XP level 4. HP: 28/42 MP: 4/4
   563 | D:4      | Noticed Eustachio
   622 | D:4      | HP: 1/42 [white imp[Eustachio] (2)]
   622 | D:4      | Slain by a white imp

Levels and vault maps discovered:
D:1:      wander_arrival_peaceful_grave, layout_basic
D:2:      layout_loops_cross, roderic_st_hans_cross
D:3:      layout_loops_cross, first_ration, grunt_decor_cap, uniq_sigmund
D:4:      layout_loops_corners, minmay_temple_entry_sparse_star,
          minmay_statues_item, uniq_eustachio, uniq_natasha

Skill      XL: |  1  2  3 |
---------------+----------+-----
Fighting       | 3 |  3.4
Axes           | 3 |  3.2
Armour         | |  3.7
Shields        | |  3.7

Action                   |  1- 3 |  4- 6 || total
-------------------------+-------+-------++-------
Melee: War axe           |    75 |    41 ||   116
 Abil: Heal Wounds       |     1 |     3 ||     4
Armor: Scale mail        |    33 |    60 ||    93
Dodge: Dodged            |    21 |    38 ||    59
Block: Kite shield       |    38 |    52 ||    90

Table legend:
 A = Non-vault XP
 B = Vault XP
 C = Vault XP percentage of total XP
 D = Non-vault monster count
 E = Vault monster count
 F = Vault count percentage of total count
                 A         B        C        D         E       F
            +---------+---------+-------+---------+---------+-------
      Total |      70 |      36 |  34.0 |      20 |       1 |   4.8
            +---------+---------+-------+---------+---------+-------
        D:1 |       5 |       0 |   0.0 |       3 |       0 |   0.0
        D:2 |       9 |       0 |   0.0 |       2 |       0 |   0.0
        D:3 |      27 |       0 |   0.0 |      12 |       0 |   0.0
        D:4 |      29 |      36 |  55.4 |       3 |       1 |  25.0
            +---------+---------+-------+---------+---------+-------
